 Dungeon Crawl Stone Soup version 0.29-a0-553-g81b289dbe5 (webtiles) character file.

Game seed: 13582090675851419563

17989 snetch the Protected (level 12, -2/162 HPs)
             Began as a Minotaur Berserker on June 6, 2022.
             Was a High Priest of Trog.
             Slain by an eight-headed hydra (8 damage)
             ... on level 12 of the Dungeon.
             The game lasted 00:44:01 (14078 turns).

snetch the Protected (Minotaur Berserker)          Turns: 14078, Time: 00:44:02

Health: -2/162     AC: 30    Str: 33    XL:     12   Next: 23%
Magic:  11/11      EV:  8    Int: 10    God:    Trog [*****.]
Gold:   822        SH:  8    Dex: 10    Spells: 11/11 levels left

rFire   . . .      SeeInvis .   b - +6 trident "Niqeuhiz" {vorpal, rN+}
rCold   . . .      Faith    .   Z - +0 kite shield
rNeg    + . .      Spirit   .   l - +18 Lear's hauberk
rPois   .          Reflect  .   (helmet currently unavailable)
rElec   .          Harm     .   (no cloak)
rCorr   .          Rampage  .   (gloves currently unavailable)
Will    +....                   (boots currently unavailable)
Stlth   ..........              (no amulet)
HPRegen 1.37/turn               j - +6 ring of intelligence
MPRegen 0.12/turn               W - +6 ring of strength

@: berserking (expiring), weak-willed, strong-willed, regenerating, very quick
A: horns 2, retaliatory headbutt
a: Renounce Religion, Berserk, Trog's Hand, Brothers in Arms


You were on level 12 of the Dungeon.
You worshipped Trog.
Trog was extremely pleased with you.
You visited 2 branches of the dungeon, and saw 13 of its levels.
You also visited: Ossuary.

You collected 822 gold pieces.

Inventory:

Hand Weapons
 a - a +2 vorpal hand axe
 b - the +6 trident "Niqeuhiz" (weapon) {vorpal, rN+}
   (You found it on level 9 of the Dungeon)

   It inflicts extra damage upon your enemies.
   rN:        It protects you from negative energy.
 c - a +1 morningstar of draining
 d - a +1 battleaxe of freezing
 e - a +5 halberd
Missiles
 g - 407 stones (quivered)
 B - 35 poisoned darts
 J - 2 curare-tipped darts
 X - 3 boomerangs
Armour
 l - the +18 Lear's hauberk (worn)
   (You found it on level 12 of the Dungeon)
 o - a +0 pair of boots
 y - an orb of light
 G - a +0 pair of gloves
 Q - a +2 hat
 V - a +2 plate armour of willpower
 Z - a +0 kite shield (worn)
Jewellery
 j - a +6 ring of intelligence (left hand)
 W - a +6 ring of strength (right hand)
Wands
 x - a wand of polymorph (8)
 N - a wand of paralysis (3)
 P - a wand of acid (7)
 R - a wand of flame (25)
 Y - a wand of iceblast (1)
Scrolls
 h - 4 scrolls of summoning {unknown}
 m - 2 scrolls of silence
 n - 3 scrolls of enchant weapon
 q - a scroll of blinking
 r - a scroll of poison
 s - 12 scrolls of teleportation {unknown}
 t - 4 scrolls of enchant armour {unknown}
 w - 3 scrolls of fog
 D - 3 scrolls of fear {unknown}
 E - 5 scrolls of vulnerability {unknown}
 K - 6 scrolls of immolation
 O - 3 scrolls of magic mapping {unknown}
Potions
 f - 8 potions of curing {unknown}
 i - 4 potions of heal wounds {unknown}
 k - a potion of flight
 u - a potion of lignification
 v - 5 potions of might {unknown}
 z - 6 potions of berserk rage {unknown}
 A - 7 potions of mutation
 C - a potion of attraction
 H - a potion of invisibility
 I - 4 potions of cancellation {unknown}
 M - a potion of ambrosia
 S - a potion of magic
 T - 2 potions of haste
Miscellaneous
 p - a phial of floods


   Skills:
 + Level 10.7 Fighting
 - Level 11.8(14.0) Axes
 + Level 6.3(9.9) Maces & Flails
 + Level 10.5(12.8) Polearms
 + Level 4.1 Throwing
 + Level 12.6 Armour
 + Level 3.7 Dodging
 + Level 1.7 Stealth
 + Level 3.4 Shields


You had 11 spell levels left.
You didn't know any spells.
Your spell library contained the following spells:

 Spells                   Type           Power      Damage    Failure   Level
 Foxfire                  Conj/Fire      0%         2x1d4     98%         1
 Magic Dart               Conj           0%         1d3       98%         1
 Necrotize                Necr           0%         1d4       98%         1
 Searing Ray              Conj           0%         2d4       99%         2
 Static Discharge         Conj/Air       0%         N/A       99%         2
 Conjure Flame            Conj/Fire      0%         6-21      100%        3
 Inner Flame              Hex/Fire       0%         N/A       100%        3
 Vampiric Draining        Necr           0%         2d6       100%        3
 Animate Armour           Summ/Erth      0%         N/A       100%        4
 Flame Wave               Conj/Fire      0%         2d4       100%        4
 Fulminant Prism          Conj/Hex       0%         3d6       100%        4
 Agony                    Necr           0%         N/A       100%        5
 Blade Hands              Tmut           0%         N/A       100%        5
 Lightning Bolt           Conj/Air       0%         1d11      100%        5
 Iron Shot                Conj/Erth      0%         9d1       100%        6
 Maxwell's Capacitive Co  Air            0%         ∞         100%        8


Dungeon Overview and Level Annotations

Branches:
Dungeon (12/15)            Temple (1/1) D:7            Lair (0/6) D:11
    Orc (0/2) D:11        Ossuary (visited)

Altars:
Ashenzari
Cheibriados
Dithmenos
Elyvilon
Fedhas
Gozag
Hepliaklqana
Kikubaaqudgha
Makhleb
Nemelex Xobeh
Okawaru
Qazlal
Ru
Sif Muna
Trog
Uskayaw
Vehumet
Wu Jian
Xom
Yredelemnul
Zin
The Shining One
Beogh

Shops:
D:5 [   D:8 (

Annotations:
D:4 bats behind glass
D:6 3 runed translucent doors, Foxy's ghost, novice TrFi


Innate Abilities, Weirdness & Mutations

You have a pair of horns on your head.
You reflexively headbutt those who attack you in melee.


Message History

The phantasmal warrior is heavily damaged.
Unknown command.
You hit the phantasmal warrior. You headbutt the phantasmal warrior!
The phantasmal warrior is severely damaged.
The eight-headed hydra bites you but does no damage.
You block the eight-headed hydra's attack.
The eight-headed hydra bites you!
* * * LOW HITPOINT WARNING * * *
The eight-headed hydra barely misses you.
The eight-headed hydra bites you but does no damage. x4
The phantasmal warrior hits you but does no damage.
You closely miss the phantasmal warrior.
The phantasmal warrior is severely damaged.
The eight-headed hydra completely misses you.
You furiously retaliate!
You headbutt the eight-headed hydra!!
The eight-headed hydra barely misses you.
The eight-headed hydra bites you but does no damage.
The eight-headed hydra closely misses you.
You block the eight-headed hydra's attack.
The eight-headed hydra bites you but does no damage. x2
The eight-headed hydra barely misses you.
You barely miss the phantasmal warrior.
You headbutt the phantasmal warrior, but do no damage.
The phantasmal warrior is severely damaged.
The phantasmal warrior hits you.
* * * LOW HITPOINT WARNING * * *
Your willpower is stripped away!
Unknown command.
You impale the phantasmal warrior!!
You destroy the phantasmal warrior!
Trog accepts your kill.
You block the eight-headed hydra's attack.
The eight-headed hydra closely misses you.
The eight-headed hydra bites you.
* * * LOW HITPOINT WARNING * * *
The eight-headed hydra bites you but does no damage.
The eight-headed hydra barely misses you.
The eight-headed hydra bites you but does no damage. x2
The eight-headed hydra bites you!
You die...

#.#..#.#....# #.# #.#.#.#.#####
##.# #######..#.#.... ##..#
#.#.....#.#############...#######
#.#...#.##.#.#. .#'.............
#.#.#.#)#=.... .#####...#######
.#.#.#..# ...#.# ##.## ..#.#.).#
#[..# #.# .#.#†#..######@.# #.#
#.#.#.#.....)D### #.#
#.#...#.#.#####..# #.#
.#.....#.## #.####### #.#
#..####### ##.......# #.# ##.
##...####.# #.# # #......##.# #.#
####......#.# #.#
#.........#.###.#


You could see an eight-headed hydra.

Vanquished Creatures
  2 hydras
  A rakshasa (D:12)
  2 centaur warriors (D:12)
  A tengu warrior (D:12)
  A deep troll earth mage (D:12)
  A phantasmal warrior (D:12)
  2 manticores (D:12)
  A salamander (shapeshifter) (D:12)
  An ugly thing (D:11)
  A cyclops (D:12)
  4 unseen horrors
  A kobold demonologist (D:10)
  3 trolls
  A shadow (D:12)
  A vampire (D:10)
  2 wraiths
  15 yaks (D:10)
  2 wyverns
  2 vampire mosquitoes (D:11)
  A steam dragon (D:7)
  2 wargs (D:11)
  An acid dragon (D:11)
  A water moccasin (D:3)
  12 orc warriors
  2 sky beasts (D:7)
  3 ice beasts
  A black bear (D:7)
  An ogre (D:4)
  11 centaurs
  2 phantoms
  3 kobold brigands
  3 necrophages
  A bullfrog (D:8)
  A gnoll sergeant (D:7)
  3 scorpions
  10 wights
  A water moccasin skeleton (D:4)
  5 killer bees
  A howler monkey (D:9)
  2 electric eels (D:11)
  A bullfrog zombie (D:4)
  A centaur zombie (Ossuary)
  2 human zombies (Ossuary)
  2 hounds
  A jelly (D:8)
  A gnoll shaman (D:5)
  10 orc priests
  A bullfrog skeleton (D:4)
  Jessica (D:3)
  Natasha (thrice) (D:2)
  4 iguanas
  A scorpion zombie (D:4)
  11 orc wizards
  3 mummies (Ossuary)
  7 adders
  13 gnolls
  A howler monkey skeleton (D:4)
  3 shadow imps
  A worm (D:4)
  An adder skeleton (D:4)
  2 dart slugs
  63 orcs
  An endoplasm (D:3)
  4 giant cockroaches
  A hobgoblin (D:3)
  16 kobolds
  4 quokkas
  9 ball pythons
  4 bats
  4 frilled lizards
  9 goblins
  2 goblin zombies (Ossuary)
  A hobgoblin zombie (Ossuary)
  A kobold zombie (Ossuary)
  An orc zombie (Ossuary)
  5 rats (D:1)
306 creatures vanquished.

Vanquished Creatures (others)
  A wizard (D:12)
  32 fungi
  11 withered plants (D:4)
44 creatures vanquished.

Grand Total: 350 creatures vanquished

Notes
Turn   | Place    | Note
-------+----------+-------------------------------------------
     0 | D:1      | snetch the Minotaur Berserker began the quest for the Orb.
     0 | D:1      | Reached XP level 1. HP: 19/19 MP: 0/0
   241 | D:2      | Reached XP level 2. HP: 27/27 MP: 1/1
   720 | D:1      | Found a faded altar of an unknown god.
  1125 | D:2      | Noticed Natasha
  1127 | D:2      | Noticed a crimson imp
  1128 | D:2      | Noticed a crimson imp
  1134 | D:2      | Killed Natasha
  1135 | D:2      | Reached skill level 3 in Armour
  1135 | D:2      | Reached XP level 3. HP: 27/34 MP: 2/2
  1638 | D:2      | Noticed Natasha
  1640 | D:2      | Killed Natasha
  1641 | D:2      | Reached XP level 4. HP: 41/41 MP: 3/3
  1660 | D:2      | Noticed Natasha
  1668 | D:2      | Killed Natasha
  1796 | D:3      | Found a stormy altar of Qazlal.
  1840 | D:3      | Noticed a water moccasin
  1849 | D:3      | Killed a water moccasin
  1850 | D:3      | Reached skill level 5 in Fighting
  1850 | D:3      | Reached skill level 5 in Axes
  1850 | D:3      | Reached skill level 1 in Throwing
  1850 | D:3      | Reached XP level 5. HP: 23/48 MP: 4/4
  2042 | D:3      | Noticed Jessica
  2050 | D:3      | Killed Jessica
  2050 | D:3      | Reached ** piety under Trog
  2084 | D:3      | Reached skill level 4 in Armour
  2137 | D:4      | Reached XP level 6. HP: 33/56 MP: 5/5
  2373 | D:3      | Found a hide-covered altar of Uskayaw.
  2875 | D:5      | Entered Level 5 of the Dungeon
  3161 | D:5      | Found a hazy altar of Hepliaklqana.
  3174 | D:5      | Reached XP level 7. HP: 56/61 MP: 6/6
  3183 | D:5      | Reached skill level 5 in Armour
  3233 | D:5      | Found a glowing golden altar of the Shining One.
  3448 | D:4      | Found a broken altar of Ashenzari.
  3511 | D:4      | Reached skill level 6 in Armour
  3801 | D:4      | Found the +4 dagger "Morg" {pain, Will+ Int+5}
  3839 | D:4      | Reached XP level 8. HP: 20/70 MP: 7/7
  4114 | D:4      | Found a sacrificial altar of Ru.
  4193 | D:4      | Reached *** piety under Trog
  4505 | D:5      | Found a white marble altar of Elyvilon.
  4626 | D:5      | Reached skill level 7 in Armour
  4649 | D:5      | Found an ornate altar of the Wu Jian Council.
  4836 | D:5      | Found Muagg's Armour Shop.
  4982 | D:6      | Found a shadowy altar of Dithmenos.
  5372 | D:7      | Reached skill level 8 in Armour
  5443 | D:7      | Found a sand-covered staircase.
  5464 | Ossuary  | Entered an ossuary
  5485 | Ossuary  | Reached XP level 9. HP: 63/75 MP: 8/8
  5721 | Ossuary  | Reached skill level 1 in Maces & Flails
  6000 | D:6      | Found a runed translucent gate.
  6001 | D:6      | Found a runed translucent gate.
  6001 | D:6      | Found a runed translucent gate.
  6010 | D:6      | Noticed Foxy's ghost (novice TrFi)
  6021 | D:6      | Noticed a spectral unseen horror
  6060 | D:7      | Noticed an unseen horror
  6068 | D:7      | Killed an unseen horror
  6069 | D:7      | Reached skill level 10 in Axes
  6073 | D:7      | Reached skill level 9 in Armour
  6101 | D:7      | Found a staircase to the Ecumenical Temple.
  6113 | D:7      | Reached **** piety under Trog
  7520 | D:8      | Found Kirph's Antique Weapon Emporium.
  7576 | Temple   | Entered the Ecumenical Temple
  8193 | D:8      | Reached XP level 10. HP: 56/84 MP: 9/9
  8614 | D:8      | Reached skill level 1 in Stealth
  8767 | D:8      | Found an ornate altar of the Wu Jian Council.
  9075 | D:9      | Reached skill level 10 in Armour
  9159 | D:9      | Reached skill level 1 in Polearms
  9310 | D:9      | Identified the +6 trident "Niqeuhiz" {vorpal, rN+}
  9320 | D:9      | Reached skill level 5 in Maces & Flails
  9438 | D:10     | Entered Level 10 of the Dungeon
 10163 | D:10     | Reached skill level 5 in Polearms
 10581 | D:10     | Reached XP level 11. HP: 83/97 MP: 10/10
 11027 | D:11     | Noticed a purple ugly thing
 11037 | D:11     | Killed a purple ugly thing
 11203 | D:11     | Reached skill level 11 in Armour
 11216 | D:11     | Found a staircase to the Lair.
 11410 | D:11     | Noticed a four-headed hydra
 11414 | D:11     | Killed a four-headed hydra
 11521 | D:11     | Reached ***** piety under Trog
 11765 | D:11     | Reached skill level 10 in Fighting
 11990 | D:11     | Found a staircase to the Orcish Mines.
 12134 | D:11     | Reached skill level 1 in Shields
 12867 | D:12     | Noticed a tengu warrior
 12879 | D:12     | Killed a tengu warrior
 13204 | D:12     | Found the +18 Lear's hauberk
 13366 | D:12     | Noticed a five-headed hydra
 13373 | D:12     | Killed a five-headed hydra
 13449 | D:12     | Reached skill level 12 in Armour
 13826 | D:12     | Noticed a centaur warrior
 13834 | D:12     | Killed a centaur warrior
 13841 | D:12     | Reached XP level 12. HP: 68/107 MP: 11/11
 13984 | D:12     | Noticed a centaur warrior
 13988 | D:12     | Killed a centaur warrior
 13989 | D:12     | Reached skill level 10 in Polearms
 13999 | D:12     | Noticed a rakshasa
 14019 | D:12     | Killed a rakshasa
 14060 | D:12     | Noticed a deep troll earth mage
 14063 | D:12     | Noticed an eight-headed hydra
 14072 | D:12     | Killed a deep troll earth mage
 14075 | D:12     | HP: 7/162 [eight-headed hydra (12)]
 14078 | D:12     | Slain by an eight-headed hydra

Illustrated notes

Levels and vault maps discovered:
D:1:      lightli_arrival_chessboard, layout_loops_ring,
          hellmonk_ecumenical_altar_pennies_from_heaven,
          chequers_serial_rivers_micro_b, hangedman_decor_points
D:2:      layout_basic, minmay_pentomino_pile, uniq_natasha
D:3:      layout_basic, grunt_qazlal_clouds,
          nicolae_uskayaw_murder_on_the_dancefloor, kennysheep_jessica_study
D:4:      layout_rooms, ashenzari_conservatory_becter, nicolae_ru_awakened_eye,
          serial_aquarium, aquarium_bridge_square [aquarium_subvault_balcony,
          aquarium_subvault_wall, aquarium_subvault_bridge,
          aquarium_subvault_wall], aquarium_bridge_square
          [aquarium_subvault_wall, aquarium_subvault_wall,
          aquarium_subvault_bridge, aquarium_subvault_window],
          aquarium_window_1, aquarium_window_fake, aquarium_window_2,
          aquarium_view_4, aquarium_pool_2, dilly_guarded_unrand_morg
D:5:      layout_rooms, mainiacjoe_overflow_cross_hatched,
          mainiacjoe_overflow_brackets, mainiacjoe_overflow_chevrons,
          serial_shops, kennysheep_mini, minmay_ruined_shrine
D:6:      layout_basic, grunt_dithmenos_shadows, gammafunk_ghost_necromancy,
          corexii_shack
D:7:      layout_basic, minmay_temple_entry_sparse_star,
          nicolae_ossuary_entry_ruins, st_stairs_10, kennysheep_small_circle
D:8:      layout_basic, nicolae_wu_jian_immortal_techniques, serial_shops,
          nicolae_diamond_shop
D:9:      layout_roguey [special_room_orc]
D:10:     hellmonk_crumbling_castle, layout_loops_cross
D:11:     layout_loops_ring, erik_lair_orcish_takeover, erik_orc_2
D:12:     minmay_tearing_corner, layout_loops_corners,
          hellmonk_guarded_unrand_lears
Temple:   oiseaux_autumnal_temple

Skill      XL: |  1  2  3  4  5  6  7  8  9 10 11 12 |
---------------+-------------------------------------+-----
Axes           | 4 5 6 7 9 11 | 11.8
Fighting       | 4 5 6 7 9 10 | 10.7
Armour         | 3 4 6 8 9 10 12 | 12.6
Throwing       | 1 2 3 4 |  4.1
Dodging        | 3 |  3.7
Maces & Flails | 3 5 6 |  6.3
Stealth        | 1 |  1.7
Polearms       | 5 9 10 | 10.5
Shields        | 2 3 |  3.4

Action                   |  1- 3 |  4- 6 |  7- 9 | 10-12 || total
-------------------------+-------+-------+-------+-------++-------
Melee: Hand axe          |    58 |    89 |   230 |    13 ||   390
       Headbutt          |    13 |     9 |    61 |    78 ||   161
       Punch             |       |       |     1 |     1 ||     2
       Morningstar       |       |       |    64 |    45 ||   109
       Halberd           |       |       |       |    90 ||    90
       Battleaxe         |       |       |       |     7 ||     7
       Trident           |       |       |       |   264 ||   264
Throw: Dart              |     7 |     4 |     4 |       ||    15
       Stone             |       |     4 |    26 |    42 ||    72
Invok: Berserk           |       |       |     1 |     4 ||     5
       Trog's Hand       |       |       |       |     3 ||     3
       Brothers in Arms  |       |       |       |     1 ||     1
  Use: Scroll            |       |       |       |    13 ||    13
 Stab: Sleeping          |     1 |       |       |       ||     1
Armor: Animal skin       |     4 |       |       |       ||     4
       Plate armour      |    31 |    67 |   193 |   213 ||   504
       Chain mail        |       |       |       |    84 ||    84
Dodge: Dodged            |    21 |    40 |   138 |   153 ||   352
Block: Buckler           |       |       |       |    22 ||    22
       Kite shield       |       |       |       |    29 ||    29

Table legend: (Time is in decaauts)
 A = Elapsed time spent in this place.
 B = Non-inter-level travel time spent in this place.
 C = Inter-level travel time spent in this place.
 D = Time resting spent in this place.
 E = Time spent auto-exploring this place.
 F = Levels seen in this place.
 G = Mean time per level.
                   A        B        C        D        E       F      G
               +--------+--------+--------+--------+--------+-----+--------+
         Total |  14102 |  13297 |    805 |    219 |   9227 |  14 | 1007.3 |
       Dungeon |  13493 |  12721 |    772 |    216 |   8750 |  12 | 1124.4 |
        Temple |    282 |    249 |     33 |      0 |    235 |   1 |  282.0 |
       Ossuary |    326 |    326 |      0 |      3 |    241 |   1 |  326.0 |
               +--------+--------+--------+--------+--------+-----+--------+

Top non-repeatable levels by time:
     D:7: 1604 daAuts
     D:4: 1582 daAuts
    D:12: 1568 daAuts
    D:11: 1425 daAuts
     D:8: 1260 daAuts
     D:2: 1039 daAuts
     D:9: 1034 daAuts
    D:10: 933 daAuts
     D:3: 810 daAuts
     D:6: 767 daAuts
     D:1: 749 daAuts
     D:5: 717 daAuts
 Ossuary: 326 daAuts
  Temple: 282 daAuts
